[Event "Titled Tuesday Blitz September 28 2021"]
[White "Wong, Yinn Long"]
[Black "Petesch, Gabriel"]
[WhiteFideId "5707684"]
[BlackFideId "2032465"]
[WhiteElo "2016"]
[BlackElo "2374"]
[Result "1-0"]
[Round "04"]
[TimeControl "180+1"]
[Date "2021.09.28"]
[WhiteClock "0:00:42"]
[BlackClock "0:00:01"]

1. b3 Nf6 2. Bb2 b6 3. Nf3 Bb7 4. e3 g6 5. d4 Bg7 6. c4 d6 7. Nc3 Nbd7 8. Be2 O-O 9. O-O e5 10. Rc1 exd4 11. Nxd4 Ne5 12. Qc2 Re8 13. Rcd1 Qd7 14. h3 Rad8 15. Rd2 Qc8 16. Rfd1 Qa8 17. Bf1 Ne4 18. Nxe4 Bxe4 19. Qc1 Qb7 20. f3 Bc6 21. Nxc6 Nxc6 22. Bxg7 Kxg7 23. Qc3+ f6 24. e4 Re7 25. Rd5 Rde8 26. Qe3 a5 27. h4 Nb4 28. R5d2 Re5 29. a3 Na6 30. Rd5 Nc5 31. b4 axb4 32. axb4 Ne6 33. f4 Rh5 34. Rxh5 gxh5 35. Rd5 Kh8 36. Rxh5 Ng7 37. Rd5 c6 38. Rxd6 Nf5 39. Qd3 Nxd6 40. Qxd6 Qe7 41. Qxc6 Rf8 42. c5 bxc5 43. bxc5 Re8 44. h5 Kg7 45. Bd3 h6 46. e5 Rf8 47. Qe4 Kg8 48. Qg6+ Qg7 49. e6 Qxg6 50. Bxg6 Kg7 51. e7 Rc8 52. e8=Q 1-0


[Site "https://www.chess.com"]

[Event "Titled Tuesday Blitz September 28 2021"]
[White "Yakubboev, Nodirbek"]
[Black "Lewtak, Damian"]
[WhiteFideId "14203987"]
[BlackFideId "1141724"]
[WhiteElo "2464"]
[BlackElo "2231"]
[Result "1-0"]
[Round "04"]
[TimeControl "180+1"]
[Date "2021.09.28"]
[WhiteClock "0:00:18"]
[BlackClock "0:00:43"]

1. d4 d5 2. c4 c6 3. Nf3 Nf6 4. e3 Bf5 5. Nc3 e6 6. Nh4 Bg6 7. Qb3 Qb6 8. Nxg6 hxg6 9. g3 Qxb3 10. axb3 Nbd7 11. Bg2 Bd6 12. Ke2 Ke7 13. h4 a6 14. Rd1 Rhd8 15. Bd2 Rac8 16. e4 dxe4 17. Nxe4 Nxe4 18. Bxe4 e5 19. Bg5+ f6 20. Be3 exd4 21. Rxd4 Bc5 22. Rxd7+ Kxd7 23. Bxc5 Re8 24. Kf3 f5 25. Rd1+ Kc7 26. Bd6+ Kb6 27. Bc2 c5 28. Bf4 Rcd8 29. Rd5 Kc6 30. Rxd8 Rxd8 31. h5 gxh5 32. Bxf5 b5 33. Be4+ Kb6 34. Be5 g5 35. Bd5 Rf8+ 36. Kg2 Re8 37. f4 a5 38. Bf7 Re7 39. Bxh5 a4 40. bxa4 gxf4 41. gxf4 bxa4 42. Bd1 Rd7 43. Bxa4 1-0


[Site "https://www.chess.com"]

[Event "Titled Tuesday Blitz September 28 2021"]
[White "Yeletsky, Ivan"]
[Black "Demidov, Mikhail"]
[WhiteFideId "24180327"]
[BlackFideId "4197143"]
[WhiteElo "2344"]
[BlackElo "2546"]
[Result "0-1"]
[Round "04"]
[TimeControl "180+1"]
[Date "2021.09.28"]
[WhiteClock "0:00:02"]
[BlackClock "0:00:14"]

1. c4 g6 2. Nc3 Bg7 3. g3 c5 4. Bg2 Nc6 5. b3 e6 6. Ba3 d6 7. Nh3 Nge7 8. Nf4 O-O 9. h4 h6 10. O-O a6 11. e3 b5 12. Bb2 bxc4 13. bxc4 Rb8 14. Rb1 Bb7 15. Ne4 e5 16. Ne2 Nb4 17. d4 cxd4 18. exd4 f5 19. N4c3 Bxg2 20. Kxg2 f4 21. Kh2 Qc8 22. Ba3 Qxc4 23. Qb3 Qxb3 24. Rxb3 a5 25. dxe5 fxg3+ 26. Kxg3 Bxe5+ 27. f4 Nf5+ 28. Kh3 Bf6 29. Bxb4 axb4 30. Nd5 Bxh4 31. Rxb4 Rxb4 32. Nxb4 Re8 33. Ng1 Re3+ 34. Kg2 Ra3 35. Rc1 Ne3+ 36. Kh2 Ng4+ 37. Kg2 Ne3+ 38. Kh2 d5 39. Nf3 Be7 40. Nc6 Rxa2+ 41. Kh1 Bd6 42. Nce5 Bxe5 43. Nxe5 g5 44. fxg5 hxg5 45. Rg1 Kg7 46. Rxg5+ Kf6 47. Rh5 Nf5 48. Nd7+ Kg6 49. Rh8 d4 50. Ne5+ Kg5 51. Nd3 Rd2 52. Ne5 Kf4 53. Nc4 Rc2 54. Nb6 d3 55. Rd8 d2 56. Nc4 Rc1+ 57. Kg2 d1=Q 58. Rxd1 Rxd1 0-1


[Site "https://www.chess.com"]

[Event "Titled Tuesday Blitz September 28 2021"]
[White "Yoo, Christopher Woojin"]
[Black "Suvorov, Alexander"]
[WhiteFideId "30909694"]
[BlackFideId "12977063"]
[WhiteElo "2105"]
[BlackElo "2221"]
[Result "1-0"]
[Round "04"]
[TimeControl "180+1"]
[Date "2021.09.28"]
[WhiteClock "0:00:06"]
[BlackClock "0:00:05"]

1. e4 g6 2. d4 Bg7 3. c3 d6 4. Bd3 Nf6 5. Nf3 O-O 6. O-O Bg4 7. Nbd2 Nbd7 8. h3 Bxf3 9. Nxf3 e5 10. Re1 Qe7 11. a4 a5 12. Qb3 Nb6 13. dxe5 dxe5 14. Be3 Nfd7 15. Bf1 Rfe8 16. Qb5 c6 17. Qb3 Qd8 18. Rad1 Qc7 19. h4 Bf6 20. h5 gxh5 21. Ng5 Bxg5 22. Bxg5 Nc5 23. Qc2 Ne6 24. Bh4 Nf4 25. g3 Ng6 26. Bg5 Kg7 27. Qe2 f6 28. Be3 h4 29. gxh4 Rad8 30. Qg4 Kh8 31. Qf5 Rf8 32. Bc5 Rf7 33. h5 Nf4 34. Kh2 Nd7 35. Be3 Nf8 36. Bc4 Rxd1 37. Rxd1 Rg7 38. Qxf6 Qe7 39. Qxe7 Rxe7 40. Rd8 Kg7 41. h6+ Kxh6 42. Rxf8 Rg7 43. Bxf4+ exf4 44. Rxf4 Kg5 45. Kg3 h5 46. Rf5+ Kh6+ 47. Kh3 Rg1 48. Be2 Re1 49. Rxh5+ Kg6 50. Bf3 Kf6 51. Rf5+ Ke6 52. Rxa5 Rf1 53. Kg2 Rb1 54. b4 Rc1 55. Rc5 Kd7 56. a5 Rc2 57. e5 Rd2 58. a6 bxa6 59. Rxc6 1-0


[Site "https://www.chess.com"]

[Event "Titled Tuesday Blitz September 28 2021"]
[White "Zhigalko, Sergei"]
[Black "Vogel, Roven"]
[WhiteFideId "13502956"]
[BlackFideId "12908088"]
[WhiteElo "2662"]
[BlackElo "2516"]
[Result "1/2-1/2"]
[Round "04"]
[TimeControl "180+1"]
[Date "2021.09.28"]
[WhiteClock "0:00:07"]
[BlackClock "0:00:18"]

1. e4 c6 2. d4 d5 3. e5 Bf5 4. Nf3 e6 5. Be2 Nd7 6. O-O a5 7. Nbd2 a4 8. Re1 h6 9. Nf1 Ne7 10. Ng3 Bg6 11. Bd3 c5 12. dxc5 Nxc5 13. Bxg6 Nxg6 14. Nh5 Ne7 15. Nd4 Nc6 16. Be3 Nxe5 17. Bf4 Ng6 18. Bg3 Ra6 19. Nb5 Rc6 20. c3 Qb6 21. Nd4 Rc8 22. Qg4 Ne4 23. Re2 a3 24. bxa3 Rxc3 25. Rd1 Rg8 26. Rxe4 dxe4 27. Qxe4 Ne7 28. a4 Rc4 29. Qd3 Qxd4 30. Qxd4 Rxd4 31. Rxd4 Nd5 32. Nf4 Nxf4 33. Bxf4 Bc5 34. Rc4 b6 35. Be3 Kd7 36. Bxc5 bxc5 37. Rxc5 Rb8 38. Rb5 Rc8 39. Rb7+ Ke8 40. g3 Rc2 41. a5 Rxa2 42. Ra7 h5 43. h4 e5 44. a6 e4 45. Kf1 g6 46. Ra8+ Ke7 47. a7 Kf6 48. Re8 Rxa7 49. Rxe4 Kg7 50. Kg2 Ra6 51. Re3 Rf6 52. Rd3 Rf5 53. Re3 Rf6 54. Rd3 Rf5 55. Re3 Rf6 1/2-1/2


[Site "https://www.chess.com"]

[Event "Titled Tuesday Blitz September 28 2021"]
[White "Zubov, Alexander"]
[Black "Kovalev, Vladislav"]
[WhiteFideId "14109409"]
[BlackFideId "13504398"]
[WhiteElo "2740"]
[BlackElo "2573"]
[Result "1/2-1/2"]
[Round "04"]
[TimeControl "180+1"]
[Date "2021.09.28"]
[WhiteClock "0:00:06"]
[BlackClock "0:00:18"]

1. d4 Nf6 2. c4 g6 3. Nc3 Bg7 4. e4 d6 5. Nf3 O-O 6. Be2 e5 7. d5 a5 8. Be3 Ng4 9. Bg5 f6 10. Bh4 c5 11. Nd2 h5 12. h3 Nh6 13. f3 Nf7 14. Qc2 Bh6 15. Bf2 Kg7 16. O-O-O Na6 17. a3 Nc7 18. Kb1 Rh8 19. h4 Bd7 20. Nb5 Ra6 21. Nf1 Rb6 22. Nc3 Qe7 23. g4 Bf4 24. Ne3 Ra6 25. Ng2 Bh6 26. Rdg1 hxg4 27. fxg4 Raa8 28. a4 Na6 29. Qd1 Nb4 30. Rf1 Bf4 31. Be1 g5 32. h5 Nh6 33. Bf2 Qd8 34. Ne3 Qc8 35. Rfg1 Kf7 36. Nf5 Ra6 37. b3 Qf8 38. Be1 Rh7 39. Bf3 Kg8 40. Ne2 Rb6 41. Nc3 Ra6 42. Bf2 Ra8 43. Be1 Rd8 44. Bf2 Bc8 45. Be1 Bd7 46. Bf2 Bc8 47. Be1 Bd7 1/2-1/2


[Site "https://www.chess.com"]

[Event "Titled Tuesday Blitz September 28 2021"]
[White "ketster"]
[Black "Bluebaum, Matthias"]
[BlackFideId "24651516"]
[WhiteElo "2571"]
[BlackElo "2681"]
[Result "0-1"]
[Round "04"]
[TimeControl "180+1"]
[Date "2021.09.28"]
[WhiteClock "0:00:13"]
[BlackClock "0:02:11"]

1. d4 d5 2. c4 e6 3. Nc3 Nf6 4. cxd5 exd5 5. Bg5 c6 6. e3 h6 7. Bh4 Bf5 8. Qf3 Be6 9. Bxf6 Qxf6 10. Qxf6 gxf6 11. Nge2 a5 12. Ng3 a4 13. a3 Nd7 14. Bd3 b5 15. f3 Nb6 16. Nh5 Be7 17. Kf2 Kd7 18. Rac1 Rhb8 19. e4 Nc4 20. Rc2 b4 21. axb4 Rxb4 22. exd5 cxd5 23. Bxc4 Rxc4 24. Ra1 Rxd4 25. Nb5 Rb4 26. Nc7 Ra7 27. Rac1 Bd8 28. Nxe6 fxe6 29. g3 Rab7 30. Nf4 Rxb2 31. Nd3 Rxc2+ 32. Rxc2 Kd6 33. Ke2 Ra7 34. Ra2 a3 35. Nb4 Be7 36. Nc2 Kd7 37. Nd4 e5 38. Nb5 Ra5 39. Nc3 d4 40. Ne4 f5 41. Nd2 Ke6 42. Kd3 Kd5 43. Nc4 Rb5 44. Rc2 Rb3+ 45. Ke2 d3+ 0-1


[Site "https://www.chess.com"]

[Event "Titled Tuesday Blitz September 28 2021"]
[White "Aldokhin, Ivan"]
[Black "Terry, Renato"]
[WhiteFideId "24115720"]
[BlackFideId "3803457"]
[WhiteElo "2265"]
[BlackElo "2577"]
[Result "0-1"]
[Round "05"]
[TimeControl "180+1"]
[Date "2021.09.28"]
[WhiteClock "0:00:02"]
[BlackClock "0:00:21"]

1. e4 c6 2. Nc3 d5 3. Nf3 g6 4. h3 Bg7 5. d4 Nh6 6. Bf4 f6 7. Qd2 Nf7 8. Bd3 O-O 9. O-O-O e5 10. Bh2 Bh6 11. Qxh6 Nxh6 12. dxe5 f5 13. exd5 cxd5 14. Bb5 Be6 15. Nd4 Bd7 16. Nxd5 Bxb5 17. Nxb5 Qa5 18. Nbc7 Nc6 19. Nxa8 Rxa8 20. Nf6+ Kg7 21. Rd7+ Nf7 22. e6 Kxf6 23. exf7 Rf8 24. Rhd1 Rxf7 25. R7d6+ Kg7 26. a3 Qc5 27. R1d2 Re7 28. Kb1 Re1+ 29. Rd1 Rxd1+ 30. Rxd1 Qxf2 31. Rd7+ Kg8 32. Bd6 Qxg2 33. b3 Qd5 34. h4 f4 35. h5 gxh5 36. a4 f3 37. c4 Qd3+ 38. Ka2 f2 39. Rc7 Qxd6 0-1


[Site "https://www.chess.com"]

[Event "Titled Tuesday Blitz September 28 2021"]
[White "Aradhya, Garg"]
[Black "Rozhkov, Viacheslav"]
[WhiteFideId "25006746"]
[BlackFideId "4181484"]
[WhiteElo "2146"]
[BlackElo "2324"]
[Result "1/2-1/2"]
[Round "05"]
[TimeControl "180+1"]
[Date "2021.09.28"]
[WhiteClock "0:00:05"]
[BlackClock "0:00:05"]

1. d4 d5 2. c4 dxc4 3. e4 Nc6 4. Nf3 Bg4 5. d5 Ne5 6. Bf4 Ng6 7. Be3 e5 8. Bxc4 Bd6 9. Nc3 Nf6 10. O-O O-O 11. h3 Bd7 12. Rc1 a6 13. Nd2 Qe7 14. Be2 b5 15. a4 Rfb8 16. axb5 axb5 17. Kh2 Nf4 18. f3 b4 19. Ncb1 Ra2 20. Nc4 Nxe2 21. Qxe2 Bb5 22. Rf2 Nh5 23. Qe1 Bxc4 24. Rxc4 Qh4 25. b3 Qg3+ 26. Kg1 Rba8 27. Rc1 Ra1 28. Rfc2 Qg6 29. Nd2 R1a3 30. Nc4 Rxb3 31. Ra1 Rba3 32. Nxa3 bxa3 33. Rc6 Nf4 34. Bxf4 exf4 35. e5 a2 36. exd6 cxd6 37. Rcc1 h6 38. Qf2 Qd3 39. Re1 Qxd5 40. Re2 Rc8 41. Rexa2 Kh7 42. Kh2 g6 43. Qd2 Qg5 44. Qe2 Qg3+ 45. Kg1 Rc5 46. Qf2 Qg5 47. Rd1 Re5 48. Rad2 Kg7 49. Qf1 h5 50. Qf2 Re3 51. Rxd6 Qe5 52. R6d5 Qe6 53. Qb2+ Kh7 54. Rd8 Re1+ 55. Kh2 f6 56. Qb7+ Kh6 57. Rh8+ Kg5 58. Qb5+ f5 59. Rxe1 Qxe1 60. Qc5 Qg3+ 61. Kg1 Qe1+ 62. Kh2 Qg3+ 63. Kh1 Qe1+ 64. Qg1 Qc3 65. Rb8 h4 66. Rb1 Qd2 67. Qe1 Qc2 68. Qe7+ Kh5 69. Qh7+ Kg5 70. Qe7+ Kh5 71. Rb8 Qc1+ 72. Kh2 Qc3 73. Qh7+ Kg5 74. Rh8 Qe1 75. Qc7 Qg3+ 76. Kg1 Qe1+ 77. Kh2 Qg3+ 78. Kg1 Qe1+ 79. Kh2 1/2-1/2


[Site "https://www.chess.com"]

[Event "Titled Tuesday Blitz September 28 2021"]
[White "Assaubayeva, Bibisara"]
[Black "Moskvin, Anatoly"]
[WhiteFideId "13708694"]
[BlackFideId "24199990"]
[WhiteElo "2232"]
[BlackElo "2098"]
[Result "1-0"]
[Round "05"]
[TimeControl "180+1"]
[Date "2021.09.28"]
[WhiteClock "0:01:15"]
[BlackClock "0:00:45"]

1. d4 d5 2. c4 e5 3. dxe5 d4 4. Nf3 Nc6 5. a3 f6 6. exf6 Nxf6 7. e3 Bg4 8. Be2 dxe3 9. Qxd8+ Rxd8 10. Bxe3 a5 11. Nc3 Be7 12. h3 Be6 13. Nb5 Rd7 14. O-O O-O 15. Rad1 Rfd8 16. Rxd7 Rxd7 17. Nfd4 Nxd4 18. Nxd4 Bf7 19. b3 Bxa3 20. Bf3 Bb2 21. Rd1 c6 22. Nf5 Rxd1+ 23. Bxd1 a4 24. bxa4 Bxc4 25. Nd6 b5 26. Nxc4 bxc4 27. a5 Ne8 28. a6 Nc7 29. a7 Be5 30. Bf3 c3 31. Bxc6 c2 32. Bc1 Kf7 33. a8=Q Nxa8 34. Bxa8 1-0


[Site "https://www.chess.com"]

[Event "Titled Tuesday Blitz September 28 2021"]
[White "Atabayev, Maksat"]
[Black "Manafov, Vugar"]
[WhiteFideId "14001101"]
[BlackFideId "13410814"]
[WhiteElo "2457"]
[BlackElo "2274"]
[Result "1-0"]
[Round "05"]
[TimeControl "180+1"]
[Date "2021.09.28"]
[WhiteClock "0:00:03"]
[BlackClock "0:00:13"]

1. e4 Nf6 2. e5 Nd5 3. Nc3 Nxc3 4. dxc3 g6 5. Nf3 Bg7 6. h4 Nc6 7. Bf4 d6 8. Bb5 Bg4 9. h5 gxh5 10. Qe2 Qd7 11. O-O-O O-O-O 12. Qe3 Kb8 13. Nd4 Bxd1 14. Rxd1 a6 15. Nxc6+ bxc6 16. Bxa6 c5 17. Qf3 d5 18. c4 Qa4 19. Bb5 Qa5 20. Qb3 Qb4 21. Qxb4 cxb4 22. cxd5 Rhg8 23. Bc6 e6 24. Rd4 Bf8 25. d6 cxd6 26. exd6 Rg4 27. Rxb4+ Ka7 28. Be3+ Ka6 29. Rb6+ Ka5 30. Rb7 Bxd6 31. b4+ Bxb4 32. Ra7# 1-0


[Site "https://www.chess.com"]

[Event "Titled Tuesday Blitz September 28 2021"]
[White "Atanasov, Anthony"]
[Black "Begmuratov, Khumoyun"]
[WhiteFideId "2623897"]
[BlackFideId "14210207"]
[WhiteElo "1928"]
[BlackElo "1948"]
[Result "0-1"]
[Round "05"]
[TimeControl "180+1"]
[Date "2021.09.28"]
[WhiteClock "0:00:02"]
[BlackClock "0:01:02"]

1. d4 Nf6 2. Bf4 g6 3. e3 Bg7 4. Nf3 O-O 5. Be2 d6 6. O-O b6 7. c4 Bb7 8. Nc3 Nbd7 9. Qc2 a6 10. e4 e6 11. h3 Qe7 12. d5 e5 13. Be3 a5 14. Nb5 Nc5 15. Nd2 Ne8 16. a3 a4 17. Nc3 f5 18. f3 Nf6 19. Bxc5 bxc5 20. Nxa4 Nh5 21. Nc3 Qg5 22. Rf2 Bh6 23. Nf1 Qh4 24. Qb3 Rab8 25. Qc2 Bc8 26. Rb1 Bf4 27. Bd3 Ng3 28. Ne2 Nxf1 29. Rfxf1 Be3+ 30. Kh2 f4 0-1


[Site "https://www.chess.com"]

[Event "Titled Tuesday Blitz September 28 2021"]
[White "Avila Pavas, Santiago"]
[Black "Azarov, Sergei"]
[WhiteFideId "4437128"]
[BlackFideId "13501470"]
[WhiteElo "2292"]
[BlackElo "2494"]
[Result "0-1"]
[Round "05"]
[TimeControl "180+1"]
[Date "2021.09.28"]
[WhiteClock "0:00:38"]
[BlackClock "0:00:44"]

1. d4 f5 2. e4 fxe4 3. Nc3 Nf6 4. Bg5 g6 5. f3 d5 6. fxe4 dxe4 7. Bc4 Bf5 8. Nge2 Nbd7 9. Qd2 Nb6 10. Bb3 Qd7 11. O-O-O O-O-O 12. h3 h5 13. Ng3 Bg7 14. Rhe1 Kb8 15. d5 Rhf8 16. Ngxe4 Nxe4 17. Nxe4 Bxe4 18. Rxe4 Bf6 19. Bf4 Nc8 20. Ba4 Qf5 21. Rb4 Nb6 22. Bb3 g5 23. Bh2 Be5 24. Bxe5 Qxe5 25. Re1 Qd6 26. Qxg5 Qxb4 0-1


[Site "https://www.chess.com"]

[Event "Titled Tuesday Blitz September 28 2021"]
[White "Babazada, Khazar"]
[Black "Khusnutdinov, Rustam"]
[WhiteFideId "13413554"]
[BlackFideId "13701703"]
[WhiteElo "2781"]
[BlackElo "2882"]
[Result "1-0"]
[Round "05"]
[TimeControl "180+1"]
[Date "2021.09.28"]
[WhiteClock "0:00:36"]
[BlackClock "0:00:16"]

1. Nf3 d5 2. g3 Nd7 3. d4 Nb6 4. Bg2 Bf5 5. O-O e6 6. Nbd2 h6 7. Re1 Nf6 8. Nh4 Bh7 9. e4 Be7 10. e5 Nfd7 11. Qh5 Bxh4 12. gxh4 Bxc2 13. Nf1 c5 14. dxc5 Nxc5 15. Ng3 Bg6 16. Qg4 h5 17. Qd4 Nd3 18. Re3 Nxc1 19. Rxc1 Rc8 20. Rec3 O-O 21. Bf3 Rc4 22. Rxc4 dxc4 23. Qf4 Qd3 24. Rd1 Qc2 25. Qd4 Nd5 26. Rd2 Qb1+ 27. Kg2 Rd8 28. a3 Qc1 29. Nf1 Bd3 30. Kg3 Qxf1 31. Rd1 Qxd1 32. Bxd1 b6 33. Bxh5 Rc8 34. Bf3 Rc5 35. h5 Rb5 36. Qh4 Rb3 37. Kg2 b5 38. Qg5 Bf1+ 39. Kxf1 Rxf3 40. h6 g6 41. Qd8+ Kh7 42. Qf8 1-0


[Site "https://www.chess.com"]

[Event "Titled Tuesday Blitz September 28 2021"]
[White "Bach, Ngoc Thuy Duong"]
[Black "Madaminov, Mukhiddin"]
[WhiteFideId "12408956"]
[BlackFideId "14210703"]
[WhiteElo "1896"]
[BlackElo "1855"]
[Result "0-1"]
[Round "05"]
[TimeControl "180+1"]
[Date "2021.09.28"]
[WhiteClock "0:00:01"]
[BlackClock "0:00:19"]

1. d4 Nf6 2. c4 e6 3. Nc3 d5 4. cxd5 Nxd5 5. e4 Nxc3 6. bxc3 c5 7. Nf3 cxd4 8. cxd4 Be7 9. Bd3 O-O 10. O-O Nd7 11. Bb2 b6 12. Qe2 Bb7 13. Rad1 Rc8 14. a3 Re8 15. Rfe1 Bf8 16. Qe3 Qc7 17. Qg5 h6 18. Qh4 Be7 19. Qh3 Nf8 20. d5 exd5 21. e5 Ne6 22. Qf5 g6 23. Qg4 Bf8 24. h4 h5 25. Qg3 Bh6 26. Bc1 Bg7 27. Bg5 d4 28. Bf6 Bxf6 29. exf6 Qxg3 30. fxg3 Kf8 31. Ne5 Nc5 32. Bb5 Re6 33. Nd7+ Nxd7 34. Rxe6 fxe6 35. Bxd7 Rd8 36. Bxe6 Rd6 37. Bc4 Be4 38. f7 Bc6 39. Rd2 b5 40. Bb3 a5 41. Kf2 Bd5 42. Bc2 Bxf7 43. Be4 b4 0-1


[Site "https://www.chess.com"]

[Event "Titled Tuesday Blitz September 28 2021"]
[White "Baskin, Robert"]
[Black "Yoo, Christopher Woojin"]
[WhiteFideId "24662402"]
[BlackFideId "30909694"]
[WhiteElo "2521"]
[BlackElo "2105"]
[Result "0-1"]
[Round "05"]
[TimeControl "180+1"]
[Date "2021.09.28"]
[WhiteClock "0:00:04"]
[BlackClock "0:00:05"]

1. e4 d6 2. d4 Nf6 3. Nc3 g6 4. f4 Bg7 5. Nf3 O-O 6. Bd3 Nc6 7. e5 dxe5 8. fxe5 Nh5 9. Be3 Bg4 10. Be2 f6 11. exf6 exf6 12. d5 Ne7 13. Qd3 Nf5 14. Bd2 c6 15. O-O-O Kh8 16. Qc4 Bxf3 17. Bxf3 cxd5 18. Qxd5 Qxd5 19. Nxd5 Bh6 20. g4 Bxd2+ 21. Rxd2 Nh4 22. gxh5 Nxf3 23. Rf2 Ne5 24. hxg6 hxg6 25. Nxf6 Kg7 26. Ne4 Rxf2 27. Nxf2 Rf8 28. Ne4 b6 29. b3 Rf4 30. Nc3 Rf2 31. Re1 Nc6 32. Re2 Rf3 33. Kb2 Kf7 34. Rd2 Ke6 35. Nb5 Ke5 36. Rd6 Rf6 37. Rd7 Rf2 38. Rc7 Nb4 39. Nxa7 Rxh2 40. Nc6+ Kd6 41. Rg7 Rxc2+ 42. Ka3 Nxc6 43. Rxg6+ Kc7 44. Rg7+ Kd6 45. Rg6+ Kd5 46. Rg5+ Ne5 47. Rh5 Rc5 48. Rh6 Ra5+ 49. Kb4 Nc6+ 50. Kc3 Rxa2 51. Rh5+ Kd6 52. Rh6+ Kd7 53. Rh7+ Ne7 54. Kc4 Ra5 55. b4 Rf5 56. Rh6 b5+ 57. Kb3 Nc6 58. Rh7+ Kd6 59. Rh6+ Kd5 60. Rh4 Rf3+ 61. Kb2 Nd4 62. Rh2 Kc4 63. Ka2 Kxb4 64. Rb2+ Kc4 65. Rh2 b4 66. Kb2 Rb3+ 67. Ka2 Ra3+ 68. Kb2 Rc3 69. Ka2 b3+ 70. Kb1 Rc2 71. Rh3 Rf2 72. Rh4 Kc3 73. Rh3+ Nf3 74. Rh1 Nd2+ 75. Ka1 Rf1+ 0-1


[Site "https://www.chess.com"]

[Event "Titled Tuesday Blitz September 28 2021"]
[White "Bluebaum, Matthias"]
[Black "Iskusnyh, Sergei"]
[WhiteFideId "24651516"]
[BlackFideId "4120027"]
[WhiteElo "2681"]
[BlackElo "2492"]
[Result "1-0"]
[Round "05"]
[TimeControl "180+1"]
[Date "2021.09.28"]
[WhiteClock "0:02:08"]
[BlackClock "0:00:16"]

1. d4 d5 2. Nf3 Nf6 3. Bf4 c5 4. e3 Nc6 5. c3 Qb6 6. Qc2 g6 7. Nbd2 Bg7 8. Be2 O-O 9. h3 Bf5 10. Qb3 c4 11. Qxb6 axb6 12. g4 Bd7 13. a3 b5 14. O-O Rfc8 15. Ne5 e6 16. g5 Be8 17. gxf6 Bxf6 18. Nxc6 Bxc6 19. Bf3 Rd8 20. e4 Bg7 21. Rfe1 Bf6 22. Kg2 Kg7 23. exd5 Bxd5 24. Be5 h6 25. Bxf6+ Kxf6 26. Re5 Ra6 27. Bxd5 1-0


[Site "https://www.chess.com"]

[Event "Titled Tuesday Blitz September 28 2021"]
[White "Bologan, Victor"]
[Black "Aghasiyev, Kamal"]
[WhiteFideId "13900048"]
[BlackFideId "13402854"]
[WhiteElo "2511"]
[BlackElo "2210"]
[Result "1-0"]
[Round "05"]
[TimeControl "180+1"]
[Date "2021.09.28"]
[WhiteClock "0:01:21"]
[BlackClock "0:00:06"]

1. e4 e5 2. Nf3 Nc6 3. Bc4 Bc5 4. c3 Nf6 5. d3 d6 6. O-O a6 7. a4 Ba7 8. a5 O-O 9. h3 Ne7 10. Bg5 Ng6 11. Nh4 Nxh4 12. Bxh4 Be6 13. Qf3 h6 14. Bxf6 Qxf6 15. Qxf6 gxf6 16. g4 h5 17. Kh2 Rad8 18. Nd2 d5 19. exd5 Bxd5 20. Bxd5 Rxd5 21. Ne4 Rxd3 22. Nxf6+ Kg7 23. Nxh5+ Kg6 24. Ng3 Rh8 25. Kg2 e4 26. Rae1 e3 27. f4 Rd2+ 28. Re2 Rhd8 29. Kf3 Rxe2 30. Nxe2 Rd2 31. b4 Rc2 32. h4 c5 33. Rb1 c4 34. h5+ Kh7 35. b5 Bc5 36. bxa6 bxa6 37. Rb7 Kg7 38. Rc7 Bd6 39. Rxc4 Ra2 40. Rc6 Be7 41. Rxa6 1-0


[Site "https://www.chess.com"]

[Event "Titled Tuesday Blitz September 28 2021"]
[White "Costachi, Mihnea"]
[Black "Gabrielian, Artur"]
[WhiteFideId "1217518"]
[BlackFideId "4131002"]
[WhiteElo "2482"]
[BlackElo "2489"]
[Result "1-0"]
[Round "05"]
[TimeControl "180+1"]
[Date "2021.09.28"]
[WhiteClock "0:00:05"]
[BlackClock "0:00:09"]

1. d4 Nf6 2. c4 c5 3. d5 e6 4. Nc3 exd5 5. cxd5 d6 6. Nf3 g6 7. Nd2 Nbd7 8. e4 Bg7 9. Be2 O-O 10. O-O Re8 11. h3 g5 12. Nc4 Nxe4 13. Nxe4 Rxe4 14. Nxd6 Rd4 15. Qc2 Ne5 16. Nf5 Bxf5 17. Qxf5 Rxd5 18. Bxg5 Qxg5 19. Qxg5 Nf3+ 20. Bxf3 Rxg5 21. Rad1 Bxb2 22. Rb1 Bd4 23. Rxb7 Re5 24. Rfb1 Rae8 25. Rxa7 Re1+ 26. Rxe1 Rxe1+ 27. Kh2 c4 28. Ra8+ Kg7 29. Rc8 c3 30. Bd5 Be5+ 31. g3 Re2 32. Kg2 Bd4 33. Kf3 Rxf2+ 34. Ke4 Bf6 35. Rc7 c2 36. Bb3 Bg5 37. Rxc2 f5+ 38. Ke5 Bf6+ 39. Ke6 Rf3 40. g4 fxg4 41. hxg4 Kg6 42. Re2 Rf4 43. Bc2+ Kg5 44. Bf5 Ra4 45. Bxh7 Ra6+ 46. Kd5 Ra5+ 47. Kc4 Kxg4 48. Kb4 Ra7 49. a4 Kf3 50. Re6 Bg5 51. Bd3 Bd2+ 52. Kb3 Rc7 53. Bb5 Rc3+ 54. Kb2 Rc5 55. Bc6+ Kf2 56. Kb3 Rc3+ 57. Kb2 Rc5 58. Bb5 Be3 59. Rf6+ Ke1 60. Kb3 Bd2 61. Rf1# 1-0


[Site "https://www.chess.com"]

[Event "Titled Tuesday Blitz September 28 2021"]
[White "Damjanovic, Vladimir"]
[Black "Saya, Ethan"]
[WhiteFideId "903795"]
[BlackFideId "26095181"]
[WhiteElo "2374"]
[BlackElo "2217"]
[Result "0-1"]
[Round "05"]
[TimeControl "180+1"]
[Date "2021.09.28"]
[WhiteClock "0:00:02"]
[BlackClock "0:00:12"]

1. e4 d5 2. Nc3 dxe4 3. Nxe4 Bf5 4. Ng3 Bg6 5. h4 h6 6. Nf3 Nd7 7. d4 Ngf6 8. h5 Bh7 9. Bd3 Bxd3 10. Qxd3 e6 11. Be3 c5 12. O-O-O Qa5 13. Kb1 Be7 14. d5 Nxd5 15. Nf5 Qxa2+ 16. Kxa2 Nb4+ 17. Kb1 Nxd3 18. Nxe7 Nb4 19. Rxd7 Kxd7 20. Bxc5 Na6 21. Rd1+ Ke8 22. Ba3 Rd8 23. Rxd8+ Kxd8 24. Ne5 Ke8 25. Bd6 Nc7 26. Bxc7 Kxe7 27. Ba5 Kf6 28. Bc3 Ke7 29. Bd4 a6 30. c3 Rc8 31. Kc2 Rc7 32. f4 Rc8 33. g4 Rg8 34. Bc5+ Ke8 35. Kd3 g6 36. hxg6 fxg6 37. Nf3 h5 38. g5 Kf7 39. Bd4 Rc8 40. Ne5+ Kg7 41. Nc4+ Kh7 42. Nd6 Rc7 43. Ne4 Kg8 44. Ke3 Kf7 45. Nd6+ Ke7 46. Be5 Rd7 47. Ne4 Rd5 48. Bd4 Rb5 49. b4 a5 50. c4 Rf5 51. Bc5+ Kd7 52. bxa5 Kc6 53. Bb6 h4 54. Bd8 h3 55. Kf3 h2 56. Kg2 Rxf4 0-1


[Site "https://www.chess.com"]

[Event "Titled Tuesday Blitz September 28 2021"]
[White "De Silva, L M S T"]
[Black "Suvorov, Luca"]
[WhiteFideId "9953698"]
[BlackFideId "12977071"]
[WhiteElo "1621"]
[BlackElo "2127"]
[Result "1-0"]
[Round "05"]
[TimeControl "180+1"]
[Date "2021.09.28"]
[WhiteClock "0:00:19"]
[BlackClock "0:00:02"]

1. e4 c5 2. Nf3 Nc6 3. Bb5 g6 4. Bxc6 dxc6 5. h3 Bg7 6. d3 Nf6 7. O-O O-O 8. Nc3 b5 9. Be3 Nd7 10. Qc1 Re8 11. Ne2 a5 12. a4 Ba6 13. Ng3 Rb8 14. Rd1 Qc7 15. c3 Red8 16. Bf4 e5 17. Bh6 c4 18. d4 Bh8 19. Nf5 Nf6 20. Nxe5 Nxe4 21. Nxc6 gxf5 22. Nxb8 Bb7 23. f3 Rd6 24. Bf4 Nf6 25. Qe3 Qxb8 26. Bxd6 Qxd6 27. Qe5 Qxe5 28. dxe5 Nd5 29. axb5 Bxe5 30. Rxa5 Bc7 31. Ra4 Bb6+ 32. Kh1 Kg7 33. Rd2 Ne3 34. Rd7 Bd5 35. Rxd5 Nxd5 36. Rxc4 Nf4 37. Rc6 Be3 38. c4 Ne2 39. g4 fxg4 40. hxg4 Nd4 41. Rc8 Nxf3 42. c5 Ne5 43. b6 Nd7 44. b7 Bf4 45. c6 Nb6 46. b8=Q Bxb8 47. Rxb8 1-0


[Site "https://www.chess.com"]

[Event "Titled Tuesday Blitz September 28 2021"]
[White "Demidov, Mikhail"]
[Black "Siva Mahadevan"]
[WhiteFideId "4197143"]
[BlackFideId "25043153"]
[WhiteElo "2922"]
[BlackElo "2831"]
[Result "1-0"]
[Round "05"]
[TimeControl "180+1"]
[Date "2021.09.28"]
[WhiteClock "0:01:25"]
[BlackClock "0:01:39"]

1. Nf3 Nf6 2. g3 g6 3. Bg2 Bg7 4. O-O O-O 5. c4 d6 6. Nc3 e5 7. d3 Nc6 8. Rb1 a5 9. a3 Re8 10. Bg5 h6 11. Bxf6 Qxf6 12. b4 axb4 13. axb4 Qd8 14. b5 Ne7 15. Ne1 c6 16. Nc2 Be6 17. Nb4 Qd7 18. Na4 Ra5 19. Nc3 Rea8 20. bxc6 bxc6 21. Qd2 d5 22. cxd5 cxd5 23. Rfc1 Qd6 24. h4 h5 25. e4 d4 26. Ncd5 Nxd5 27. exd5 Bd7 28. Nc6 Ra2 29. Rc2 R2a3 30. Rb7 Kh7 31. Be4 Bh6 32. Qe2 Be8 33. Nxe5 Kg8 34. Nc4 Ra1+ 35. Kg2 Qa6 36. d6 Bc6 37. Bxc6 Qxc6+ 38. Qe4 Qxe4+ 39. dxe4 d3 40. Rcb2 R1a4 41. Rb8+ 1-0


[Site "https://www.chess.com"]